 Dungeon Crawl Stone Soup version 0.31.0-9-g3a7656b989 (webtiles) character file.

Game seed: 14722061718795368699

20 Bnni the Digger (level 3, 25/25 HPs)
             Began as a Formicid Earth Elementalist on Feb 1, 2024.
             Quit the game on level 1 of the Dungeon.
             The game lasted 00:02:03 (560 turns).

Bnni the Digger (Formicid Earth Elementalist)        Turns: 560, Time: 00:02:03

Health: 25/25      AC:  3    Str: 12    XL:     3   Next: 0%
Magic:  4/6        EV: 12    Int: 16    God:
Gold:   20         SH:  0    Dex: 14    Spells: 5/6 levels left

rFire   . . .        d - +0 whip
rCold   . . .        (no shield)
rNeg    . . .        a - +0 robe
rPois   .            (helmet unavailable)
rElec   .            (no cloak)
rCorr   .            e - +0 pair of gloves
SInv    +            (no boots)
Will    .....        (no amulet)
Stlth   ++           (no ring)
HPRegen 0.24/turn    (no ring)
MPRegen 0.10/turn

%: no passive effects
@: no status effects
A: permanent stasis, dig shafts and tunnels, antennae 3, four strong arms
a: Dig, Shaft Self


You were on level 1 of the Dungeon.
You visited 1 branch of the dungeon, and saw 1 of its levels.

You collected 20 gold pieces.

Inventory:

Hand Weapons
 d - a +0 whip (weapon)
Armour
 a - a +0 robe (worn)
 e - a +0 pair of gloves (worn)
Jewellery
 g - an amulet of the acrobat
Potions
 b - a potion of magic
 c - a potion of haste {unknown}
 f - a potion of mutation {unknown}
 h - a potion of heal wounds {unknown}


   Skills:
 + Level 0.7 Fighting
 - Level 1.7 Dodging
 - Level 2.4 Stealth
 + Level 2.3 Spellcasting
 * Level 1.5 Conjurations
 * Level 4.1 Earth Magic


You had 5 spell levels left.
You knew the following spells:

 Your Spells              Type           Power      Damage    Failure   Level
a - Sandblast             Erth           30%        2d9       3%          1

Your spell library contained the following spells:

 Spells                   Type           Power      Damage    Failure   Level
 Passwall                 Erth           15%        N/A       11%         3
 Stone Arrow              Conj/Erth      20%        3d8       19%         3
 Brom's Barrelling Bould  Conj/Erth      10%        2d3       54%         4
 Petrify                  Alch/Erth      8%         N/A       65%         4


Dungeon Overview and Level Annotations

Branches:
Dungeon (1/15)

Altars:


Innate Abilities, Weirdness & Mutations

You cannot be hasted, slowed, berserked, paralysed or teleported.
You can dig through walls and to a lower floor.
You have a pair of large antennae on your head. (SInv)
Your four strong arms can wield two-handed weapons with a shield.


Message History

Press: ? - help, Q - select action, (/) - cycle Shift-Dir - straight line, f - quokka
Aim: a quokka (75% to hit)
The blast of sand hits the quokka!
You kill the quokka!
Unknown command.
You sense a monster nearby.
A goblin comes into view. It is wielding a +0 dagger.
The goblin shouts!
The goblin hits you with a +0 dagger.
Aiming: Sandblast (safe; 4% risk of failure)
Press: ? - help, Q - select action, (/) - cycle Shift-Dir - straight line, f - goblin
Aim: a goblin, wielding a +0 dagger (77% to hit)
The blast of sand misses the goblin.
The goblin barely misses you. The goblin misses you.
Unknown command.
Aiming: Sandblast (safe; 4% risk of failure)
Press: ? - help, Q - select action, (/) - cycle Shift-Dir - straight line, f/p - goblin
Aim: a goblin, wielding a +0 dagger (77% to hit)
The blast of sand hits the goblin!
You kill the goblin!
You see here a +0 dagger.
g - an amulet of the acrobat You sense a monster nearby.
No target in view!
No target in view!
A hobgoblin comes into view.
Found 17 gold pieces.
A hobgoblin is nearby!
You see here a blue potion.
h - a blue potion
Aiming: Sandblast (safe; 4% risk of failure)
Press: ? - help, Q - select action, (/) - cycle Shift-Dir - straight line, f - hobgoblin
Aim: a hobgoblin (82% to hit)
The blast of sand hits the hobgoblin.
You kill the hobgoblin!
You have reached level 3!
Your experience leads to an increase in your attributes!
Increase (S)trength, (I)ntelligence, or (D)exterity?
You feel clever. x2
Are you sure you want to abandon this character and quit the game? (Confirm with "yes".)

#.#### #...#
#.)..# ####...####
..##.###.........#
####.............#
#####.........#
###.....###
#.......# {
#.....#.#
##.##.#@# {
#....#.# #.####.#
#.# #$# #.. ..#
#.# ###


There were no monsters in sight!

Vanquished Creatures
  3 ball pythons (D:1)
  3 endoplasms (D:1)
  A goblin (D:1)
  2 hobgoblins (D:1)
  3 quokkas (D:1)
  A bat (D:1)
  2 kobolds (D:1)
  3 rats (D:1)
18 creatures vanquished.

Notes
Turn   | Place    | Note
-------+----------+-------------------------------------------
     0 | D:1      | Bnni the Formicid Earth Elementalist began the quest for
                  | the Orb.
     0 | D:1      | Reached XP level 1. HP: 13/13 MP: 3/3
    26 | D:1      | Reached skill level 1 in Conjurations
   103 | D:1      | Reached XP level 2. HP: 20/20 MP: 3/5
   383 | D:1      | Reached skill level 4 in Earth Magic
   560 | D:1      | Reached XP level 3. HP: 25/25 MP: 4/6
   560 | D:1      | Quit the game

Illustrated notes

Levels and vault maps discovered:
D:1:      dpeg_arrival_central, layout_loops_cross,
          hellmonk_ecumenical_altar_blasted, chequers_serial_rivers_small_b

Skill      XL: |  1  2 |
---------------+-------+-----
Conjurations   | 1 |  1.5
Earth Magic    | 4 |  4.1
Fighting       | |  0.7
Dodging        | |  1.7
Stealth        | |  2.4
Spellcasting   | |  2.3

Action                     || total
---------------------------++-------
  Melee: Whip              ||     3
   Cast: Sandblast         ||    23
 Armour: Robe              ||     6
  Dodge: Dodged            ||     5
